 Dungeon Crawl Stone Soup version 0.19.0-9-gfd783f2 (webtiles) character file.

4020 Inkary the Party-goer (level 10, -4/75 HPs)
             Began as a Demonspawn Gladiator on Nov 7, 2016.
             Was a Follower of Uskayaw.
             Slain by PeterLawrence's ghost (13 damage)
             ... in a bailey.
             The game lasted 00:19:19 (8148 turns).

Inkary the Party-goer (Demonspawn Gladiator)        Turns: 8148, Time: 00:19:20

Health: -4/75      AC: 15    Str: 14 (15) XL:     10   Next: 3%
Magic:  15/16      EV: 16    Int: 11 (12) God:    Uskayaw [*.....]
Gold:   300        SH:  2    Dex: 23 (24) Spells: 0 memorised, 9 levels left

rFire  . . .     SeeInvis .     G - +5 trident of Guile {venom, rElec rC+ Int-2}
rCold  + + .     Gourm    .     v - +1 scale mail
rNeg   . . .     Faith    .     (no shield)
rPois  .         Spirit   .     c - +0 helmet
rElec  +         Reflect  +     (no cloak)
rCorr  .         Harm     .     j - +0 pair of gloves
MR     .....                    (no boots)
Stlth  ++........               C - +2 amulet of reflection
                                g - +5 ring of protection
                                K - ring "Naku Dal" {+Fly rC+ Int+4}

@: agile, lethally poisoned (-4 -> -16)
A: claws 2, thin skeletal structure 1, powered by death 2
a: Stomp, Renounce Religion, Evoke Flight


You were in a bailey.
You worshipped Uskayaw.
Uskayaw was aware of your devotion.
You were very hungry.

You visited 1 branch of the dungeon, and saw 9 of its levels.
You also visited: Bailey.

You collected 300 gold pieces.

Inventory:

Hand Weapons
 a - a +0 quarterstaff
 G - the +5 trident of Guile (weapon) {venom, rElec rC+ Int-2}
   (You found it on level 7 of the Dungeon)

   It poisons the flesh of those it strikes.
   It affects your intelligence (-2).
   It protects you from cold.
   It insulates you from electricity.
Missiles
 d - 3 throwing nets (quivered)
Armour
 c - a +0 helmet (worn)
 j - a +0 pair of gloves (worn)
 v - a +1 scale mail (worn)
Jewellery
 g - a +5 ring of protection (right hand)
 m - a +2 ring of protection
 C - a +2 amulet of reflection (around neck)
 K - the ring "Naku Dal" (left hand) {+Fly rC+ Int+4}
   (You found it on level 8 of the Dungeon)

   [ring of flight]

   It affects your intelligence (+4).
   It protects you from cold.
   It lets you fly.
Wands
 n - a wand of slowing (22/48)
 x - a wand of paralysis (6/24)
 B - a wand of confusion (26/48)
 M - a wand of teleportation (2/9)
Scrolls
 b - 2 scrolls of blinking
 k - a scroll of teleportation
 p - 3 scrolls of remove curse
 r - a scroll of fear
 w - a scroll of amnesia
 y - a scroll of enchant armour
 z - a scroll of fog
 E - a scroll of enchant weapon {unknown}
 F - a scroll of recharging {unknown}
Potions
 l - a potion of haste {unknown}
 o - a potion of agility
 q - a potion of lignification {unknown}
 t - a potion of mutation {unknown}
 A - 3 potions of magic {unknown}
 D - a potion of degeneration
 I - a potion of ambrosia {unknown}
 J - a potion of berserk rage {unknown}
 O - 2 potions of resistance {unknown}
Books
 L - a book of Debilitation

   Spells                             Type                      Level
   a - Corona                         Hexes                        1
   b - Slow                           Hexes                        2
   c - Gell's Gravitas                Hexes/Translocation          3
   d - Inner Flame                    Hexes/Fire                   3
   e - Cause Fear                     Hexes                        4
   f - Leda's Liquefaction            Hexes/Earth                  4
Comestibles
 f - 8 bread rations
 h - 4 beef jerkies
 i - 4 meat rations
 s - 10 slices of pizza
 u - 2 fruits
 N - 3 chunks of flesh


   Skills:
 + Level 5.6 Fighting
 * Level 4.1(6.4) Polearms
 - Level 7.8(8.3) Staves
 - Level 1.7 Throwing
 + Level 4.1 Armour
 + Level 3.4 Dodging
 + Level 8.0 Invocations
 - Level 5.2 Evocations


You had 9 spell levels left.
You didn't know any spells.

Dungeon Overview and Level Annotations

Branches:
Dungeon (9/15)             Temple (0/1) D:7            Lair (0/6) D:9
    Orc: D:9-12

Altars:
Ashenzari
Elyvilon
Fedhas
Gozag
Hepliaklqana
Kikubaaqudgha
Nemelex Xobeh
Qazlal
Trog
Uskayaw
Yredelemnul
The Shining One

Shops:
D:6 :

Annotations:
D:4 Asilar's ghost, amateur MiBe
D:5 Chiseanne's ghost, novice HEAr Bailey PeterLawrence's ghost, journeyman MiFi


Innate Abilities, Weirdness & Mutations

You have very sharp fingernails.
You have a somewhat thin skeletal structure. (Dex +2, Stealth)
You regenerate health from kills.


Message History

You are poisoned.
You hit PeterLawrence's ghost but do no damage.
PeterLawrence's ghost is severely damaged.
You feel sick. PeterLawrence's ghost hits you.
* * * LOW HITPOINT WARNING * * *
You feel more agile all of a sudden.
You feel sick. PeterLawrence's ghost hits you.
* * * LOW HITPOINT WARNING * * *
You are lethally poisoned!
It was a potion of degeneration.
There was something very wrong with that liquid.
You feel weakened.
You feel dopey.
You feel clumsy.
* * * LOW HITPOINT WARNING * * *
You feel sick.
PeterLawrence's ghost closely misses you.
You hit PeterLawrence's ghost.
PeterLawrence's ghost is severely damaged.
* * * LOW HITPOINT WARNING * * *
You feel sick. PeterLawrence's ghost hits you!
You die...

#### ##∩## ####
....##...##....
≈≈≈..#...#..≈≈≈
≈o≈≈.......≈≈o≈
o≈.......≈o
....... #...#
#.W.# ##@## ###


You could see PeterLawrence's ghost.

Vanquished Creatures
  Joseph (D:8)
  2 hornets
  A hippogriff (D:7)
  Sigmund (D:3)
  A spriggan (D:8)
  A wyvern (D:8)
  2 steam dragons (D:8)
  An orc warrior (D:8)
  A sky beast (D:7)
  An ogre (D:5)
  2 ice beasts
  5 necrophages (D:6)
  A centaur (D:7)
  A big kobold (D:8)
  2 bullfrogs
  3 scorpions
  3 howler monkeys
  4 wights (D:7)
  3 crimson imps
  A quasit (D:6)
  4 hounds
  2 centaur skeletons (D:7)
  4 orc priests
  2 orc wizards
  2 iguanas
  2 worker ants
  A hound zombie (D:6)
  A hound skeleton (D:8)
  A worker ant zombie (D:6)
  3 gnolls (D:7)
  7 adders
  3 oozes
  2 adder skeletons
  An adder zombie (D:6)
  4 worms
  3 dart slugs
  4 leopard geckos
  26 orcs
  3 giant cockroaches
  9 goblins
  5 hobgoblins
  2 jackals (D:6)
  9 quokkas
  5 bats
  A frilled lizard (D:5)
  11 kobolds
  A leopard gecko skeleton (D:6)
  10 rats
  A bush (D:6)
166 creatures vanquished.

Vanquished Creatures (others)
  A fungus (D:8)
  7 plants (D:6)
8 creatures vanquished.

Grand Total: 174 creatures vanquished

Notes
Turn   | Place    | Note
-------+----------+-------------------------------------------
     0 | D:1      | Inkary the Demonspawn Gladiator began the quest for the Orb.
     0 | D:1      | Reached XP level 1. HP: 16/16 MP: 1/1
   372 | D:1      | Gained mutation: You regenerate a little health from kills. [demonic ancestry]
   372 | D:1      | Reached XP level 2. HP: 17/23 MP: 2/2
   973 | D:2      | Found a blossoming altar of Fedhas.
   981 | D:2      | Reached XP level 3. HP: 28/28 MP: 3/3
  1212 | D:2      | Found a glowing golden altar of the Shining One.
  1221 | D:2      | Found a hazy altar of Hepliaklqana.
  1487 | D:3      | Reached XP level 4. HP: 34/34 MP: 4/4
  1558 | D:3      | Found a sparkling altar of Nemelex Xobeh.
  1902 | D:4      | Reached skill level 1 in Armour
  2069 | D:4      | Gained mutation: You have sharp fingernails. [demonic ancestry]
  2069 | D:4      | Reached XP level 5. HP: 32/41 MP: 5/5
  2130 | D:4      | Noticed Asilar's ghost (amateur MiBe)
  2947 | D:5      | Entered Level 5 of the Dungeon
  2947 | D:5      | Noticed Sigmund
  2947 | D:5      | Noticed an ogre
  3208 | D:3      | Killed Sigmund
  3208 | D:3      | Reached skill level 5 in Staves
  3208 | D:3      | Gained mutation: You have very sharp fingernails. [demonic ancestry]
  3208 | D:3      | Reached XP level 6. HP: 17/48 MP: 6/6
  3895 | D:5      | Found a bloodstained altar of Trog.
  3965 | D:5      | Found an ancient bone altar of Kikubaaqudgha.
  4081 | D:5      | Noticed Chiseanne's ghost (novice HEAr)
  4379 | D:5      | Gained mutation: You regenerate health from kills. [demonic ancestry]
  4379 | D:5      | Reached XP level 7. HP: 54/54 MP: 7/7
  4767 | D:6      | Found a white marble altar of Elyvilon.
  4830 | D:6      | Found a basalt altar of Yredelemnul.
  4898 | D:6      | Found an opulent altar of Gozag.
  4938 | D:6      | Found a hide-covered altar of Uskayaw.
  4951 | D:6      | Noticed a hand axe
  4952 | D:6      | Noticed a dagger
  4981 | D:6      | Became a worshipper of Uskayaw the Reveler
  5205 | D:6      | Reached * piety under Uskayaw
  5271 | D:6      | Reached ** piety under Uskayaw
  5272 | D:6      | Reached skill level 1 in Invocations
  5277 | D:6      | Found a blossoming altar of Fedhas.
  5401 | D:6      | Found Zudo's Book Emporium.
  5645 | D:6      | Reached skill level 1 in Evocations
  5648 | D:6      | Reached *** piety under Uskayaw
  5650 | D:6      | Reached **** piety under Uskayaw
  5651 | D:6      | Reached skill level 2 in Invocations
  5651 | D:6      | Gained mutation: You have a somewhat thin skeletal structure. (Dex +2, Stealth) [demonic ancestry]
  5651 | D:6      | Reached XP level 8. HP: 61/61 MP: 7/9
  5654 | D:6      | Reached skill level 3 in Invocations
  5661 | D:6      | Reached ***** piety under Uskayaw
  5663 | D:6      | Reached skill level 4 in Invocations
  5739 | D:7      | Noticed a hippogriff
  5753 | D:7      | Killed a hippogriff
  5762 | D:7      | Reached skill level 5 in Invocations
  5790 | D:7      | Gained mutation: Your body sometimes deteriorates upon taking damage. [mutagenic meat]
  5791 | D:7      | Lost mutation: Your body sometimes deteriorates upon taking damage. [mutagenic meat]
  5859 | D:7      | Reached XP level 9. HP: 66/67 MP: 13/13
  5865 | D:7      | Found a staircase to the Ecumenical Temple.
  6206 | D:7      | Got a warped trident
  6207 | D:7      | Identified the +5 trident of Guile {venom, rElec rC+ Int-2} (You found it on level 7 of the Dungeon)
  6221 | D:7      | Paralysed by a hornet for 3 turns
  6222 | D:7      | Reached skill level 1 in Polearms
  6222 | D:7      | Reached skill level 6 in Invocations
  6501 | D:7      | Found a stormy altar of Qazlal.
  6738 | D:8      | Got a heavily runed granite ring
  6748 | D:8      | Paralysed by a hornet for 3 turns
  6758 | D:8      | Reached skill level 5 in Evocations
  6762 | D:8      | Paralysed by a hornet for 2 turns
  6769 | D:8      | Reached skill level 7 in Invocations
  7148 | D:8      | Reached skill level 5 in Fighting
  7213 | D:8      | Found a stormy altar of Qazlal.
  7651 | D:8      | Identified the ring "Naku Dal" {+Fly rC+ Int+4} (You found it on level 8 of the Dungeon)
  7725 | D:8      | Found a shattered altar of Ashenzari.
  7991 | D:8      | Noticed Joseph
  8004 | D:8      | Killed Joseph
  8004 | D:8      | Reached skill level 8 in Invocations
  8004 | D:8      | Reached XP level 10. HP: 48/74 MP: 14/16
  8086 | D:9      | Found a flagged portal.
  8106 | Bailey   | Entered a bailey
  8106 | Bailey   | Noticed PeterLawrence's ghost (journeyman MiFi)
  8148 | Bailey   | Slain by PeterLawrence's ghost

Skill      XL: |  1  2  3  4  5  6  7  8  9 |
---------------+----------------------------+-----
Staves         | 3 4 5 6 7 |  7.8
Fighting       | 3 4 5 |  5.6
Armour         | 1 2 3 4 |  4.1
Invocations    | 2 5 8 |  8.0
Evocations     | 1 4 5 |  5.2
Polearms       | 4 |  4.1
Dodging        | 3 |  3.4
Throwing       | |  1.7

Action                   |  1- 3 |  4- 6 |  7- 9 | 10-12 || total
-------------------------+-------+-------+-------+-------++-------
Melee: Quarterstaff      |   123 |   171 |   271 |       ||   565
       Trident           |       |       |   149 |    49 ||   198
Invok: Stomp             |       |       |     6 |     2 ||     8
Evoke: Wand              |       |     3 |     9 |       ||    12
  Use: Scroll            |     3 |     5 |     1 |     7 ||    16
       Potion            |       |     1 |     1 |     8 ||    10
 Stab: Paralysed         |       |       |    18 |       ||    18
  Eat: Chunk             |     2 |     7 |    15 |       ||    24
       Fruit             |       |     2 |       |       ||     2
Armor: Leather armour    |    10 |       |       |       ||    10
       Ring mail         |    39 |     6 |       |       ||    45
       Scale mail        |       |    53 |   199 |    19 ||   271
Dodge: Dodged            |    91 |    98 |   194 |    21 ||   404
Block: Other             |       |       |    17 |     2 ||    19
       Reflection        |       |       |     3 |       ||     3
